 Dungeon Crawl Stone Soup version 0.28.0-43-g3370ac3207 (webtiles) character file.

Game seed: 7769298601025566740

3329 adizb the Frost Mage (level 10, -3/75 HPs)
             Began as a Naga Ice Elementalist on Mar 18, 2022.
             Was an Initiate of Cheibriados.
             Slain by Grum
             ... wielding a +0 spear
              (21 damage)
             ... on level 8 of the Dungeon.
             The game lasted 00:42:33 (5778 turns).

adizb the Frost Mage (Naga Ice Elementalist)        Turns: 5778, Time: 00:42:33

Health: -3/75      AC:  6    Str: 16    XL:     10   Next: 2%
Magic:  19/21      EV: 11    Int: 21    God:    Cheibriados [......]
Gold:   354        SH:  0    Dex: 12    Spells: 5/24 levels left

rFire   . . .      SeeInvis +   c - +8 whip of the Manifold Curses {flame, Int+4 SInv}
rCold   . . .      Faith    .   (no shield)
rNeg    . . .      Spirit   .   a - +0 robe
rPois   +          Reflect  .   l - +2 hat
rElec   .          Harm     .   (no cloak)
rCorr   .          Rampage  .   (no gloves)
Will    +....                   (no barding)
Stlth   ++........              (no amulet)
HPRegen 0.22/turn               (no ring)
MPRegen 0.17/turn               (no ring)

@: very slow
A: AC +3, large, see invisible, deformed body, poison resistance, slowness 2,
spit poison 1, naga tail 1
a: Spit Poison, Renounce Religion


You were on level 8 of the Dungeon.
You worshipped Cheibriados.
Cheibriados was noncommittal.
You visited 2 branches of the dungeon, and saw 9 of its levels.

You collected 354 gold pieces.

Inventory:

Hand Weapons
 c - the +8 whip of the Manifold Curses (weapon) {flame, Int+4 SInv}
   (You found it on level 7 of the Dungeon)

   It burns those it strikes, dealing additional fire damage.
   Int:       It affects your intelligence (+4).
   SInv:      It lets you see invisible.
 k - a +0 vampiric falchion
 o - a +4 vorpal mace
 C - a +2 vampiric dagger
Armour
 a - a +0 robe (worn)
 e - the +1 chain mail "Xuvaollu" {-Tele +Inv rF+ Dex+3}
   (You found it on level 7 of the Dungeon)

   Dex:       It affects your dexterity (+3).
   rF:        It protects you from fire.
   +Inv:      It lets you turn invisible.
   -Tele:     It prevents most forms of teleportation.
 l - a +2 hat (worn)
 y - a +0 tower shield
 E - a +3 leather armour of cold resistance
Wands
 m - a wand of flame (28)
 r - a wand of iceblast (18)
 u - a wand of acid (4)
Scrolls
 b - 2 scrolls of fear
 h - a scroll of blinking
 p - 2 scrolls of identify
 q - a scroll of teleportation
 v - 3 scrolls of fog
 x - a scroll of summoning {unknown}
 D - a scroll of enchant armour {unknown}
Potions
 d - 2 potions of lignification {unknown}
 f - 2 potions of degeneration {unknown}
 g - a potion of magic {unknown}
 i - 6 potions of mutation {unknown}
 j - 2 potions of brilliance {unknown}
 n - 2 potions of attraction {unknown}
 s - 4 potions of curing {unknown}
 t - a potion of resistance
 w - a potion of might {unknown}
 z - a potion of flight {unknown}
 A - 2 potions of haste {unknown}
 B - a potion of heal wounds


   Skills:
 + Level 5.0 Dodging
 - Level 4.1 Stealth
 * Level 7.8 Spellcasting
 + Level 3.5 Necromancy
 * Level 9.4 Ice Magic


You had 5 spell levels left.
You knew the following spells:

 Your Spells              Type           Power      Damage    Failure   Level
a - Freeze                Ice            100%       1d11      1%          1
b - Ozocubu's Armour      Ice            47%        N/A       1%          3
c - Frozen Ramparts       Ice            94%        1d11      1%          3
d - Ensorcelled Hibernat  Hex/Ice        56%        N/A       1%          2
e - Hailstorm             Conj/Ice       28%        3d8       12%         4
f - Simulacrum            Ice/Necr       17%        N/A       65%         6

Your spell library contained the following spells:

 Spells                   Type           Power      Damage    Failure   Level
 Passwall                 Tmut/Erth      6%         N/A       12%         2
 Ice Form                 Ice/Tmut       28%        N/A       12%         4
 Swiftness                Air            8%         N/A       24%         3


Dungeon Overview and Level Annotations

Branches:
Dungeon (8/15)             Temple (1/1) D:7
   Lair: D:8-11

Altars:
Ashenzari
Cheibriados
Dithmenos
Elyvilon
Fedhas
Gozag
Hepliaklqana
Kikubaaqudgha
Makhleb
Nemelex Xobeh
Okawaru
Qazlal
Ru
Sif Muna
Uskayaw
Vehumet
Wu Jian
Xom
Yredelemnul
Zin
The Shining One

Annotations:
D:2 1 runed translucent door, Crazy Yiuf
D:8 Grum


Innate Abilities, Weirdness & Mutations

Your serpentine skin is tough. (AC +3)
You have supernaturally acute eyesight. (SInv)
Armour fits poorly on your strangely shaped body.
Your system is resistant to poisons. (rPois)
You cover ground very slowly.
You can spit poison.
You have a snake-like lower body.


Message History

The wolf howls! x2; Grum growls angrily.
The wolf stops to sniff the ground.
The wolf barely misses you. The wolf bites you!
Non-targeted cast: Ozocubu's Armour
Press: ? - help, Q - select action, (/) - cycle Dir - look around, f - activate A film of ice covers your body!
The wolf barely misses you. The wolf closely misses you.
The wolf bites you but does no damage. The wolf bites you.
Casting: Ozocubu's Armour (safe; 1% risk of failure)
Confirm with . or Enter, or press ? or * to list all spells.
Casting: Hailstorm (dangerous; 12% risk of failure)
Press: ? - help, Dir - look around, f - activate
Okay, then.
You whack the wolf! You burn the wolf.
The wolf is heavily wounded.
The wolf bites you but does no damage. The wolf bites you.
The wolf bites you but does no damage.
You miss the wolf.
The wolf is moderately wounded.
The wolf barely misses you. The wolf bites you but does no damage.
The wolf misses you.
The wolf bites you but does no damage. x2
You completely miss the wolf.
The wolf is moderately wounded.
The wolf misses you. The wolf bites you but does no damage. The wolf bites you.
The wolf barely misses you. The wolf closely misses you.
The wolf bites you but does no damage.
Your icy armour will break if you move.
Continue? [Y]es or [N]o only, please.
Your icy armour will break if you move.
Continue?
Your icy armour cracks and falls away as you move.
The wolf barely misses you. The wolf bites you but does no damage.
The wolf bites you. The wolf barely misses you. The wolf bites you!
The wolf barely misses you.
Grum hits you from afar with a +0 spear!
The wolf barely misses you. x2
The wolf barely misses you. The wolf bites you!
* * * LOW HITPOINT WARNING * * *
The wolf misses you. The wolf barely misses you.
Grum hits you from afar with a +0 spear!!
You die...

####### ### #
#.....#####....# #.
#.....#...#....#
#..#.....)...#....#
+..'.....#)..#....#
#..#.....##.<#
...##### #.
###....#..###...#..##
#.
#..<.#...@h.......# #
#....#...hh.......#
#....#....g.......#
#....+............#
#....###'##..###.##
####..... #..### ..
..... #....# #..
#..... #....+ ..
#....h #..).# .


You could see Grum and 3 wolves.

Vanquished Creatures
  Joseph (D:7)
  Eustachio (D:4)
  A wyvern (D:7)
  A water moccasin (D:7)
  An ice beast (D:7)
  An orc warrior (D:6)
  2 sky beasts
  2 black bears
  A necrophage (D:3)
  A centaur (D:7)
  4 ogres
  A phantom (D:6)
  Blork the orc (D:4)
  A gnoll sergeant (D:5)
  2 scorpions
  A bullfrog (D:7)
  4 killer bees (D:6)
  5 wights
  2 howler monkeys (D:7)
  A bullfrog zombie (D:6)
  A jelly (D:6)
  2 orc priests (D:4)
  2 bullfrog skeletons (D:5)
  2 hounds
  A centaur skeleton (D:7)
  5 iguanas
  3 orc wizards (D:7)
  A scorpion zombie (D:5)
  A howler monkey zombie (D:5)
  5 adders
  7 gnolls (D:5)
  A shadow imp (D:6)
  2 white imps (D:7)
  An ufetubus (D:5)
  An adder skeleton (D:4)
  5 worms
  A dart slug (D:4)
  20 orcs
  3 bats
  6 endoplasms
  A giant cockroach (D:1)
  7 goblins
  8 hobgoblins
  5 jackals
  2 quokkas
  6 ball pythons
  5 frilled lizards
  11 kobolds
  8 rats
157 creatures vanquished.

Notes
Turn   | Place    | Note
-------+----------+-------------------------------------------
     0 | D:1      | adizb the Naga Ice Elementalist began the quest for the
                  | Orb.
     0 | D:1      | Reached XP level 1. HP: 15/15 MP: 3/3
    88 | D:1      | Reached XP level 2. HP: 15/22 MP: 5/5
   437 | D:1      | Reached XP level 3. HP: 27/28 MP: 4/6
   591 | D:1      | Learned a level 3 spell: Ozocubu's Armour
   592 | D:1      | Found a faded altar of an unknown god.
   802 | D:2      | Found a runed translucent door.
   803 | D:2      | Noticed Crazy Yiuf
  1054 | D:2      | Found an iron altar of Okawaru.
  1541 | D:3      | Reached XP level 4. HP: 28/36 MP: 3/7
  1605 | D:3      | Learned a level 3 spell: Frozen Ramparts
  1930 | D:3      | Noticed a necrophage
  1944 | D:3      | Killed a necrophage
  1945 | D:3      | Reached skill level 5 in Ice Magic
  1945 | D:3      | Reached XP level 5. HP: 34/42 MP: 0/9
  2030 | D:4      | Noticed Blork the orc
  2039 | D:4      | Killed Blork the orc
  2040 | D:4      | Reached XP level 6. HP: 19/49 MP: 3/11
  2096 | D:4      | Noticed Eustachio
  2131 | D:4      | Killed Eustachio
  2132 | D:4      | Reached skill level 6 in Ice Magic
  2132 | D:4      | Reached XP level 7. HP: 22/55 MP: 6/13
  2325 | D:4      | Learned a level 2 spell: Ensorcelled Hibernation
  2359 | D:4      | You fall into a shaft and drop 3 floors!
  2391 | D:7      | Identified the +1 chain mail "Xuvaollu" {-Tele +Inv rF+
                  | Dex+3}
  2417 | D:7      | Noticed Joseph
  2661 | D:7      | Reached skill level 5 in Spellcasting
  2664 | D:7      | Found a staircase to the Ecumenical Temple.
  2673 | Temple   | Entered the Ecumenical Temple
  2793 | D:7      | Reached XP level 8. HP: 17/62 MP: 5/15
  3048 | D:7      | Found an ornate altar of the Wu Jian Council.
  3057 | D:7      | Identified the +8 whip of the Manifold Curses {flame, Int+4
                  | SInv}
  3161 | D:6      | Reached skill level 7 in Ice Magic
  3257 | D:6      | Found a hide-covered altar of Uskayaw.
  3320 | D:5      | Entered Level 5 of the Dungeon
  3447 | D:4      | Found a sacrificial altar of Ru.
  4525 | D:5      | Reached skill level 1 in Necromancy
  4525 | D:5      | Reached skill level 8 in Ice Magic
  4536 | D:5      | Reached XP level 9. HP: 15/62 MP: 9/18
  5068 | D:6      | Found a glowing silver altar of Zin.
  5298 | D:6      | Found a snail-covered altar of Cheibriados.
  5302 | D:6      | Found a shadowy altar of Dithmenos.
  5302 | D:6      | Found a sparkling altar of Nemelex Xobeh.
  5312 | D:6      | Found a shimmering blue altar of Sif Muna.
  5316 | D:6      | Found a stormy altar of Qazlal.
  5328 | D:6      | Became a worshipper of Cheibriados the Contemplative
  5514 | D:7      | Reached skill level 9 in Ice Magic
  5525 | D:7      | Killed Joseph
  5540 | D:7      | Learned a level 4 spell: Hailstorm
  5547 | D:7      | Learned a level 6 spell: Simulacrum
  5608 | D:7      | Reached skill level 5 in Dodging
  5742 | D:8      | Reached XP level 10. HP: 61/74 MP: 17/21
  5770 | D:8      | Noticed Grum
  5778 | D:8      | Slain by Grum

Illustrated notes

Levels and vault maps discovered:
D:1:      minmay_arrival_shattered_statue, layout_basic,
          hellmonk_ecumenical_altar_heavens_door
D:2:      layout_loops_ring, basic_altar, uniq_crazy_yiuf_cottage
D:3:      layout_loops_ring, nicolae_wormholes
D:4:      minmay_razor_zed, layout_basic, nicolae_ru_path_of_blood, minivault_1,
          kennysheep_generic_room_6, uniq_eustachio, uniq_blork_the_orc
D:5:      layout_cave_pods
D:6:      layout_rooms, minmay_overflow_temple_star_hex,
          mainiacjoe_overflow_paths, lemuel_crystal_altar
D:7:      layout_cave_pools, nicolae_wu_jian_immortal_techniques,
          minmay_temple_entry_wispy, uniq_joseph
D:8:      layout_gridville, general_overflow_altar, uniq_grum, uniq_maggie,
          uniq_prince_ribbit1
Temple:   nicolae_temple_x_marks_the_god

Skill      XL: |  1  2  3  4  5  6  7  8  9 |
---------------+----------------------------+-----
Dodging        | 2 3 4 5 |  5.0
Stealth        | 4 |  4.1
Spellcasting   | 3 4 5 6 7 |  7.8
Ice Magic      | 5 6 8 9 |  9.4
Necromancy     | 1 3 |  3.5

Action                   |  1- 3 |  4- 6 |  7- 9 | 10-12 || total
-------------------------+-------+-------+-------+-------++-------
Melee: Unarmed           |    21 |       |       |       ||    21
       Short sword       |       |    34 |       |       ||    34
       Punch             |       |     2 |     2 |       ||     4
       Mace              |       |     7 |    27 |       ||    34
       Whip              |       |       |   155 |     4 ||   159
 Cast: Freeze            |    51 |     7 |     6 |       ||    64
       Frozen Ramparts   |       |     9 |    42 |       ||    51
       Ozocubu's Armour  |       |     1 |    11 |     1 ||    13
       Ensorcelled Hiber |       |       |     1 |       ||     1
 Abil: Spit Poison       |     7 |     6 |    12 |       ||    25
Evoke: Wand              |       |       |    12 |       ||    12
  Use: Scroll            |       |       |    11 |       ||    11
       Potion            |       |       |     2 |       ||     2
 Stab: Sleeping          |     1 |       |     3 |       ||     4
Armor: Robe              |     9 |     9 |    81 |     9 ||   108
Dodge: Dodged            |    38 |    25 |   128 |    16 ||   207
